 Dungeon Sprint DCSS version 0.18.1-48-g4cf74bf (webtiles) character file.

432 Neosonic97 the Nimble (level 6, -10/60 HPs)
             Began as a Draconian Transmuter on Sept 9, 2016.
             Mangled by Sonja
             ... wielding a +0 dagger of distortion
              (16 damage)
             ... in the Dungeon (Sprint I: "Red Sonja").
             The game lasted 00:01:35 (543 turns).

Neosonic97 the Nimble (Draconian Transmuter)         Turns: 543, Time: 00:01:36

Health: -10/60     AC:  2    Str: 14    XL:     6   Next: 67%
Magic:  6/9        EV: 28    Int: 13    God:
Gold:   313        SH:  0    Dex: 17    Spells: 2 memorised, 5 levels left

rFire  . . .     SeeInvis .       - Unarmed
rCold  . . .     Gourm    .     (armour unavailable)
rNeg   . . .     Faith    .     (shield currently unavailable)
rPois  x         Spirit   .     (helmet currently unavailable)
rElec  .         Dismiss  .     (cloak currently unavailable)
rCorr  .         Reflect  .     (gloves currently unavailable)
SustAt .         Harm     .     (boots currently unavailable)
MR     .....     NoTele   +     (no amulet)
Stlth  ++........               (no ring)
                                (no ring)

@: spider-form, not resistant to hostile enchantments, unstealthy
A: unfitting armour, (cold-blooded), AC +6
a: End Transformation


You were in the Dungeon.
You were not hungry.
You were a venomous arachnid creature.
You visited 1 branch You collected 313 gold pieces.

Inventory:

Missiles
 a - 12 arrows
Scrolls
 i - a scroll of blinking
Potions
 d - a potion of curing
 e - a potion of heal wounds
 f - a potion of haste
 g - 2 potions of magic
 h - a potion of berserk rage
Books
 b - a book of Changes

   Spells                             Type                      Level
   a - Beastly Appendage              Transmutation                1
   b - Sticks to Snakes               Transmutation                2
   c - Spider Form                    Transmutation/Poison         3
   d - Ice Form                       Ice/Transmutation            4
   e - Blade Hands                    Transmutation                5
Comestibles
 c - a bread ration
 j - 4 chunks of flesh


   Skills:
 * Level 7.1 Fighting
 * Level 9.2 Dodging
 - Level 3.0 Unarmed Combat
 - Level 2.0 Spellcasting
 * Level 8.5 Transmutations


You had 5 spell levels left.
You knew the following spells:

 Your Spells              Type           Power        Failure   Level  Hunger
a - Beastly Appendage     Trmt           ###...       4%          1    ##.....
b - Spider Form           Trmt/Pois      ##........   32%         3    ####...


Dungeon Overview and Level Annotations

Branches:
Dungeon (1/1)

Altars:
Elyvilon
Gozag
Kikubaaqudgha
Makhleb
Nemelex Xobeh
Okawaru
Pakellas
Qazlal
Ru
Sif Muna
Trog
Vehumet
Xom
Yredelemnul
Zin
The Shining One

Shops:
D (

Annotations:
D Sonja


Innate Abilities, Weirdness & Mutations

((Your plain brown scales are hard (AC +6).))
Your body does not fit into most forms of armour.
((You are cold-blooded and may be slowed by cold attacks.))


Message History

Space warps horribly around you!
Sonja hits you with an uncursed dagger of distortion.
You feel a strange sense of stasis.
You completely miss Sonja.
Sonja is moderately wounded.
Sonja closely misses you. x3; Sonja barely misses you.
Sonja closely misses you. Sonja completely misses you.
You miss Sonja.
Sonja is moderately wounded.
Sonja closely misses you. Sonja completely misses you.
Sonja closely misses you.
You miss Sonja.
Sonja is moderately wounded.
Sonja hits you with an uncursed dagger of distortion.
Space warps horribly around you!
* * * LOW HITPOINT WARNING * * *
Sonja hits you with an uncursed dagger of distortion.
* * * LOW HITPOINT WARNING * * *
Space warps horribly around you!
You die...

################
#<.#..)..#.)'..#
#..').#..'..#..+
#..#####'#####'#
#..####..#...#.#
#..#__####..##.#
#..#_.___##K#..+
#⌠⌠#_.∩...'s.._#
####_..._##_.#+#
#_____###'#
####### .# .$
.$# .## +#


You could see Sonja.

Vanquished Creatures
  Sigmund (D)
  A yak (D)
  An ogre (D)
  A jelly (D)
  Ijyb (D)
5 creatures vanquished.

Vanquished Creatures (others)
  A gargoyle (D)
1 creature vanquished.

Grand Total: 6 creatures vanquished

Notes
Turn   | Place    | Note
--------------------------------------------------------------
     0 | D        | Neosonic97 the Draconian Transmuter began the quest for the Orb.
     0 | D        | Reached XP level 1. HP: 16/16 MP: 3/3
     1 | D        | Noticed Ijyb
    20 | D        | Killed Ijyb
    20 | D        | Reached skill level 3 in Dodging
    20 | D        | Reached XP level 2. HP: 4/26 MP: 1/5
   142 | D        | Killed a gargoyle
   288 | D        | Noticed an ogre
   303 | D        | Killed an ogre
   303 | D        | Reached skill level 5 in Dodging
   303 | D        | Reached skill level 5 in Transmutations
   303 | D        | Reached XP level 3. HP: 35/35 MP: 4/6
   303 | D        | Reached XP level 4. HP: 41/41 MP: 4/7
   313 | D        | Learned a level 3 spell: Spider Form
   314 | D        | Noticed Sigmund
   327 | D        | Killed Sigmund
   327 | D        | Reached skill level 8 in Dodging
   327 | D        | Reached XP level 5. HP: 42/50 MP: 3/8
   327 | D        | Reached XP level 6. HP: 48/57 MP: 3/9
   354 | D        | Found a deep blue altar of Sif Muna.
   356 | D        | Found a radiant altar of Vehumet.
   496 | D        | Found Netapo's Antique Weapon Emporium.
   496 | D        | Found a white marble altar of Elyvilon.
   496 | D        | Found a stormy altar of Qazlal.
   496 | D        | Found a burning altar of Makhleb.
   496 | D        | Found a sacrificial altar of Ru.
   496 | D        | Found an oddly glowing altar of Pakellas.
   496 | D        | Found a basalt altar of Yredelemnul.
   496 | D        | Found a glowing golden altar of the Shining One.
   496 | D        | Found a sparkling altar of Nemelex Xobeh.
   496 | D        | Found a shimmering altar of Xom.
   496 | D        | Found an opulent altar of Gozag.
   496 | D        | Found an ancient bone altar of Kikubaaqudgha.
   496 | D        | Found a glowing silver altar of Zin.
   496 | D        | Noticed a yak
   498 | D        | Found an iron altar of Okawaru.
   510 | D        | Killed a yak
   510 | D        | Reached skill level 9 in Dodging
   529 | D        | Found a bloodstained altar of Trog.
   536 | D        | Noticed Sonja
   543 | D        | Mangled by Sonja

Skill      XL: |  1  2  3  4  5  6 |
---------------+-------------------+-----
Fighting       | 3 4 6 7 |  7.1
Dodging        | 3 5 8 9 |  9.2
Transmutations | 3 5 7 8 |  8.5
Unarmed Combat | |  3.0
Spellcasting   | |  2.0

Action                   |  1- 3 |  4- 6 || total
-------------------------+-------+-------++-------
Melee: Unarmed           |    28 |    32 ||    60
       Headbutt          |     1 |       ||     1
       Tailslap          |     2 |       ||     2
 Cast: Beastly Appendage |     3 |       ||     3
       Spider Form       |       |     4 ||     4
Armor: Skin              |     2 |     2 ||     4
Dodge: Dodged            |    15 |    39 ||    54
